 Dungeon Crawl Stone Soup version 0.32-a0-172-gc5dd13f2a7 (webtiles) character file.

Game seed: 4731072332186233222

473 cforsyth the Trooper (level 7, 1/54 HPs)
             Began as a Djinni Hexslinger on Feb 13, 2024.
             Quit the game on level 4 of the Dungeon.
             The game lasted 00:05:30 (3777 turns).

cforsyth the Trooper (Djinni Hexslinger)            Turns: 3777, Time: 00:05:30

Health: 1/54       AC:  2    Str:  7    XL:     7   Next: 32%
Gold:   158        EV: 12    Int: 16    God:
                   SH:  0    Dex: 16

rFire   + + .        a - +1 sling
rCold   x . .        (no shield)
rNeg    . . .        c - +0 robe
rPois   ∞            (no helmet)
rElec   .            (no cloak)
rCorr   .            (no gloves)
SInv    .            (boots unavailable)
Will    .....        (no amulet)
Stlth   +            (no ring)
HPRegen 0.29/turn    (no ring)
MPRegen 0.00/turn

%: no passive effects
@: flying, very slightly contaminated
A: sickness immunity, fire resistance 2, cold vulnerability 1, float, innate
caster, HP casting, extra vitality 1
a: no special abilities


You were on level 4 of the Dungeon.
You visited 1 branch of the dungeon, and saw 4 of its levels.

You collected 158 gold pieces.


Innate Abilities, Weirdness & Mutations

You are immune to sickness and miasma.
You are immune to poison.
Your flesh is very heat resistant. (rF++)
You are vulnerable to cold. (rC-)
You float through the air rather than walking.
You learn spells naturally, not from books.
Your magical power is your life essence.
You have superior vitality. (+4 MHP)


   Skills:
 + Level 5.1 Fighting
 - Level 1.5 Ranged Weapons
 - Level 2.1 Dodging
 + Level 4.7 Spellcasting
 + Level 4.7 Conjurations
 + Level 4.7 Hexes
 + Level 4.7 Summonings
 + Level 4.7 Necromancy
 + Level 4.7 Translocations
 + Level 4.7 Fire Magic
 + Level 4.7 Ice Magic
 + Level 4.7 Air Magic
 + Level 4.7 Earth Magic
 + Level 4.7 Alchemy


You knew the following spells:

 Your Spells              Type           Power      Damage    Failure   Level
a - Necrotise             Necr           72%        1d7       2%          1
c - Cause Fear            Hex            9%         N/A       22%         4
e - Passwall              Erth           18%        N/A       7%          3
f - Inner Flame           Hex/Fire       18%        N/A       7%          3
i - Call Imp              Summ           36%        N/A       3%          2
X - Jinxbite              Hex            36%        N/A       3%          2
Y - Sigil of Binding      Hex            18%        N/A       7%          3
Z - Dimensional Bullseye  Hex/Tloc       9%         N/A       22%         4
Your spell library was empty.

Inventory:

Hand Weapons
 a - a +1 sling (weapon)
Armour
 c - a +0 robe (worn)
 h - a +0 helmet
Wands
 r - a wand of flame (23)
Scrolls
 b - 2 scrolls of poison
 f - 4 scrolls of identify {unknown}
 k - 2 scrolls of fear {unknown}
 l - 3 scrolls of blinking {unknown}
 m - a scroll of noise {unknown}
 n - 2 scrolls of teleportation {unknown}
 s - a scroll of fog {unknown}
Potions
 d - a potion of resistance {unknown}
 e - a potion of heal wounds {unknown}
 g - a potion of curing {@q1}
 i - a potion of brilliance {unknown}
 j - a potion of degeneration {unknown}
 o - 2 potions of berserk rage {unknown}
 p - a potion of mutation {unknown}
 q - a potion of ambrosia

Dungeon Overview and Level Annotations

Branches:
Dungeon (4/15)
 Temple: D:4-7

Altars:
Makhleb
Yredelemnul
Zin

...............###########.#
........)......'@..........#
...............#####..######
...............# ##..).<#
......########## ####..#
.(....##################..#
......+...................#
......#######.##########..#######
......# #§§§@# ##........ #######
##§.§# ##.#####. #§.§# #.#
.'...g. #.## ..#...#.. #..#
...##...##... #..# ..# #$..# #..
###..####. ## #...# ## #<........
###.#####.


You could see a gnoll.


Message History

You are very lightly contaminated with residual magic.
Nothing appears to happen.
The ribbon worm is engulfed in blazing flames.
Flame seeps out of the ribbon worm.
The ribbon worm expels a string of sticky webbing.
The stream of webbing hits you but does no damage.
You are caught in a web!
The ribbon worm barely resists.
The ribbon worm bites you!
The ribbon worm writhes in agony.
Flame seeps out of the ribbon worm.
The giant cockroach bites you but does no damage.
A gnoll comes into view. It is wielding a +0 club.
The ribbon worm is engulfed in blazing flames.
The ribbon worm explodes!
The fiery explosion engulfs the giant cockroach!!!
The fiery explosion engulfs you! You resist.
* * * LOW HITPOINT WARNING * * *
The giant cockroach explodes!
The fiery explosion engulfs you! You resist.
* * * LOW HITPOINT WARNING * * *
You hear a shout!
You hear an angry hiss.
The web tears apart.
You are engulfed in blazing flames.
You resist.
* * * LOW HITPOINT WARNING * * *
Unknown command.
Unknown command.
A gnoll is nearby!
Casting: Necrotise (safe; 2% risk of failure)
Confirm with . or Enter, or press ? or * to list all spells.
You don't have enough health to cast this spell.
Unknown command.
Are you sure you want to abandon this character and quit the game? (Confirm with "yes".)

Skill      XL: |  1  2  3  4  5  6 |
---------------+-------------------+-----
Spellcasting   | 3 4 |  4.7
Conjurations   | 3 4 |  4.7
Hexes          | 3 4 |  4.7
Summonings     | 3 4 |  4.7
Necromancy     | 3 4 |  4.7
Translocations | 3 4 |  4.7
Fire Magic     | 3 4 |  4.7
Ice Magic      | 3 4 |  4.7
Air Magic      | 3 4 |  4.7
Earth Magic    | 3 4 |  4.7
Alchemy        | 3 4 |  4.7
Fighting       | 2 3 4 5 |  5.1
Ranged Weapons | |  1.5
Dodging        | |  2.1

Action                     |  1- 3 |  4- 6 |  7- 9 || total
---------------------------+-------+-------+-------++-------
  Melee: Sling             |     4 |       |       ||     4
   Fire: Sling             |    59 |    12 |       ||    71
   Cast: Jinxbite          |     1 |       |       ||     1
         Necrotise         |    35 |    91 |    14 ||   140
         Inner Flame       |       |    15 |     3 ||    18
         Cause Fear        |       |     1 |       ||     1
         Call Imp          |       |     3 |       ||     3
    Use: Potion            |     1 |     1 |       ||     2
 Armour: Robe              |    26 |    22 |     5 ||    53
  Dodge: Dodged            |    23 |    20 |     1 ||    44

Levels and vault maps discovered:
D:1:      dpeg_cavernosity, layout_basic,
          hellmonk_ecumenical_altar_heavens_door, st_stairs_4
D:2:      layout_basic
D:3:      minmay_octagon_keep, layout_rooms, zin_treasury,
          nicolae_overflow_squiral, uniq_ijyb
D:4:      kennysheep_six_static_rooms, layout_basic, nzn_wu_jian_contemplation,
          grunt_decor_arrowhead, st_stairs_8, uniq_crazy_yiuf_cottage,
          uniq_sigmund

Notes
Turn   | Place    | Note
-------+----------+-------------------------------------------
     0 | D:1      | cforsyth the Djinni Hexslinger began the quest for the Orb.
     0 | D:1      | cforsyth set off with the following spells memorised:
                  | Jinxbite, Sigil of Binding, Inner Flame, Cause Fear,
                  | Dimensional Bullseye.
     0 | D:1      | Reached XP level 1. HP: 17/17 MP: 0/0
   149 | D:1      | Reached XP level 2. HP: 22/22 MP: 0/0
   209 | D:1      | Reached skill level 3 in Spellcasting
   209 | D:1      | Reached skill level 3 in Conjurations
   209 | D:1      | Reached skill level 3 in Hexes
   209 | D:1      | Reached skill level 3 in Summonings
   209 | D:1      | Reached skill level 3 in Necromancy
   209 | D:1      | Reached skill level 3 in Translocations
   209 | D:1      | Reached skill level 3 in Fire Magic
   209 | D:1      | Reached skill level 3 in Ice Magic
   209 | D:1      | Reached skill level 3 in Air Magic
   209 | D:1      | Reached skill level 3 in Earth Magic
   209 | D:1      | Reached skill level 3 in Alchemy
   306 | D:1      | HP: 1/23 [goblin/+0 club (3)]
   316 | D:1      | Reached skill level 2 in Fighting
   316 | D:1      | Reached XP level 3. HP: 28/28 MP: 0/0
   316 | D:1      | Learned a level 1 spell: Necrotise
   632 | D:1      | Found a faded altar of an unknown god.
  1902 | D:3      | Reached XP level 4. HP: 27/34 MP: 0/0
  2004 | D:3      | Found a glowing silver altar of Zin.
  2152 | D:3      | Noticed Ijyb
  2159 | D:3      | Killed Ijyb
  2160 | D:3      | Reached skill level 3 in Fighting
  2309 | D:3      | Found a basalt altar of Yredelemnul.
  2313 | D:3      | Reached XP level 5. HP: 26/40 MP: 0/0
  2313 | D:3      | Learned a level 2 spell: Call Imp
  2421 | D:3      | Found a burning altar of Makhleb.
  3143 | D:4      | Reached skill level 4 in Fighting
  3143 | D:4      | Reached skill level 4 in Spellcasting
  3143 | D:4      | Reached skill level 4 in Conjurations
  3143 | D:4      | Reached skill level 4 in Hexes
  3143 | D:4      | Reached skill level 4 in Summonings
  3143 | D:4      | Reached skill level 4 in Necromancy
  3143 | D:4      | Reached skill level 4 in Translocations
  3143 | D:4      | Reached skill level 4 in Fire Magic
  3143 | D:4      | Reached skill level 4 in Ice Magic
  3143 | D:4      | Reached skill level 4 in Air Magic
  3143 | D:4      | Reached skill level 4 in Earth Magic
  3143 | D:4      | Reached skill level 4 in Alchemy
  3143 | D:4      | Reached XP level 6. HP: 33/47 MP: 0/0
  3306 | D:4      | Noticed Sigmund
  3473 | D:4      | Killed Sigmund
  3474 | D:4      | Reached skill level 5 in Fighting
  3474 | D:4      | Reached XP level 7. HP: 34/54 MP: 0/0
  3474 | D:4      | Learned a level 3 spell: Passwall
  3775 | D:4      | HP: 1/54 [cloud of flame (7)]
  3777 | D:4      | Quit the game

Vanquished Creatures
  Sigmund (D:4)
  3 orc priests (D:4)
  A sleepcap (D:4)
  Ijyb (D:3)
  An iguana (D:3)
  An orc wizard (D:4)
  A gnoll (D:4)
  2 adders (D:3)
  A dart slug (D:1)
  4 ribbon worms
  7 orcs (D:3)
  5 ball pythons
  6 bats
  8 endoplasms
  5 giant cockroaches
  5 goblins
  7 hobgoblins
  8 kobolds
  A quokka (D:1)
  3 frilled lizards
  4 rats
75 creatures vanquished.

Vanquished Creatures (collateral kills)
  A dart slug (D:3)
  A ball python (D:1)
2 creatures vanquished.

Grand Total: 77 creatures vanquished

Table legend: (Time is in decaauts)
 A = Elapsed time spent in this place.
 B = Non-inter-level travel time spent in this place.
 C = Inter-level travel time spent in this place.
 D = Time resting spent in this place.
 E = Time spent auto-exploring this place.
 F = Levels seen in this place.
 G = Mean time per level.
                   A        B        C        D        E       F      G
               +--------+--------+--------+--------+--------+-----+--------+
         Total |   3805 |   3634 |    171 |    538 |   2481 |   4 |  951.2 |
       Dungeon |   3805 |   3634 |    171 |    538 |   2481 |   4 |  951.2 |
               +--------+--------+--------+--------+--------+-----+--------+

Top non-repeatable levels by time:
     D:1: 1287 daAuts
     D:3: 1239 daAuts
     D:2: 679 daAuts
     D:4: 599 daAuts

Table legend:
 A = Non-vault XP
 B = Vault XP
 C = Vault XP percentage of total XP
 D = Non-vault monster count
 E = Vault monster count
 F = Vault count percentage of total count
                 A         B        C        D         E       F
            +---------+---------+-------+---------+---------+-------
      Total |     320 |     356 |  52.7 |      55 |      22 |  28.6
            +---------+---------+-------+---------+---------+-------
        D:1 |      41 |      11 |  21.2 |      22 |       6 |  21.4
        D:2 |      15 |       4 |  21.1 |      10 |       1 |   9.1
        D:3 |      50 |     101 |  66.9 |      16 |      11 |  40.7
        D:4 |     214 |     240 |  52.9 |       7 |       4 |  36.4
            +---------+---------+-------+---------+---------+-------
